 Dungeon Crawl Stone Soup version 0.28-a0-247-gb8bfbab023 (webtiles) character file.

Game seed: 11086258081105362274

812 Lochraine the Agent of Entropy (level 7, -1/50 (57) HPs)
             Began as a Demonspawn Abyssal Knight on Aug 25, 2021.
             Was a Priest of Lugonu.
             Slain by a quokka (4 damage)
             ... on level 5 of the Dungeon.
             The game lasted 00:08:41 (5028 turns).

Lochraine the Agent of Entropy (DsAK)               Turns: 5028, Time: 00:08:42

HP:   -1/50 (57)    AC:  4    Str: 14    XL:     7   Next: 61%
MP:   12/12         EV: 11    Int: 14    God:    Lugonu [***...]
Gold: 163           SH:  0    Dex: 12    Spells: 6/6 levels left

rFire   . . .      SeeInvis .   a - +1 hand axe
rCold   . . .      Faith    .   (no shield)
rNeg    . . .      Spirit   .   b - +0 leather armour
rPois   .          Reflect  .   (helmet restricted)
rElec   .          Harm     .   (no cloak)
rCorr   .          Rampage  .   (no gloves)
Will    .....                   f - +0 pair of boots
Stlth   +.........              (no amulet)
HPRegen 0.16/turn               (no ring)
MPRegen 0.13/turn               (no ring)

@: attractive, heavily drained
A: antennae 1, demonic guardian 2
a: Renounce Religion, Depart the Abyss, Bend Space, Banish


You were on level 5 of the Dungeon.
You worshipped Lugonu.
Lugonu was most pleased with you.
You visited 1 branch of the dungeon, and saw 5 of its levels.
You visited the Abyss 1 time.

You collected 163 gold pieces.

Inventory:

Hand Weapons
 a - a +1 hand axe (weapon)
 m - a +2 dagger of draining
   (You took it off a kobold on level 3 of the Dungeon)
Armour
 b - a +0 leather armour (worn)
 f - a +0 pair of boots (worn)
   (You found it on level 1 of the Dungeon)
 i - a +0 helmet
   (You found it on level 2 of the Dungeon)
Wands
 d - a wand of iceblast (3)
   (You found it on level 4 of the Dungeon)
 x - a wand of acid (5)
   (You found it on level 2 of the Dungeon)
Scrolls
 c - a scroll of noise {unknown}
 e - 2 scrolls of teleportation {unknown}
 h - a scroll of vulnerability {unknown}
 j - a scroll of fog {unknown}
 k - a scroll of enchant weapon {unknown}
 o - a scroll of identify {unknown}
 p - 2 scrolls of amnesia {unknown}
 q - a scroll of enchant armour {unknown}
Potions
 g - a potion of cancellation {unknown}
 n - a potion of curing {unknown}


   Skills:
 + Level 5.8 Fighting
 + Level 4.7 Axes
 - Level 1.7 Armour
 - Level 0.8 Dodging
 + Level 6.9 Invocations


You had 6 spell levels left.
You didn't know any spells.
Your spell library contained the following spells:

 Spells                   Type           Power      Damage    Failure   Level
 Summon Small Mammal      Summ           0%         N/A       34%         1
 Call Canine Familiar     Summ           0%         N/A       71%         3
 Stone Arrow              Conj/Erth      0%         3d7       71%         3
 Summon Guardian Golem    Hex/Summ       0%         N/A       71%         3
 Animate Armour           Summ/Erth      0%         N/A       98%         4
 Lehudib's Crystal Spear  Conj/Erth      0%         10d2      100%        8


Dungeon Overview and Level Annotations

Branches:
Dungeon (5/15)
 Temple: D:4-7

Altars:


Innate Abilities, Weirdness & Mutations

You have a pair of small antennae on your head.
A demonic guardian rushes to your aid.


Message History

The wight zaps a wand.
You turn into an insubstantial wisp.
Your +1 hand axe melds into your body.
Your +0 pair of boots melds into your body.
Your +0 leather armour melds into your body.
The wight closely misses you.
You fly upwards.
There is a stone staircase leading down, spattered with blood here.
You see here a quokka skeleton.
You see here 2 stones.
Your transformation is almost over.
There is a stone staircase leading down here.
You fly downwards.
There is a stone staircase leading up here.
Found 23 stones.
Found a stone staircase leading down.
Your transformation has ended.
Your +1 hand axe unmelds from your body.
Your +0 pair of boots unmelds from your body.
Your +0 leather armour unmelds from your body.
The endoplasm quivers.
A ball python comes into view.
There is an open door here.
A quokka comes into view.
There is a stone staircase leading down here.
You barely miss the wight. You hit the plant.
The plant begins to die.
The wight closely misses you. The quokka barely misses you.
There is a stone staircase leading down here.
Okay, then.
You closely miss the quokka. You hit the wight but do no damage.
The quokka misses you.
The wight hits you with a +4 battleaxe of freezing!
The wight freezes you.
The quokka bites you but does no damage.
The wight hits you with a +4 battleaxe of freezing!
* * * LOW HITPOINT WARNING * * *
You feel drained.
* * * LOW HITPOINT WARNING * * *
The wight freezes you.
* * * LOW HITPOINT WARNING * * *
A demonic guardian appears!
The quokka bites you.
* * * LOW HITPOINT WARNING * * *
You climb downwards.
You hear the sound of rushing water.
There is an entrance to a sewer on this level.
Hurry and find it before the portal rusts away!
There is a stone staircase leading up here.
Okay, then.
It was a potion of attraction.
You feel attractive to monsters. The quokka bites you.
You die...

# ...
#...##########
#..z@r.....#
#....########.#
#.#


You could see a wight and a quokka.

Vanquished Creatures
  Grinder (D:4)
  Sigmund (D:4)
  A scorpion (D:4)
  2 wights (D:3)
  An orc priest (D:3)
  A hound (D:3)
  Jessica (D:3)
  A hound skeleton (D:4)
  Robin (D:2)
  2 adders
  An adder skeleton (D:4)
  A worm (D:3)
  A dart slug (D:3)
  4 orcs
  6 bats
  2 endoplasms (D:3)
  3 giant cockroaches
  14 goblins
  9 hobgoblins
  6 jackals (D:3)
  5 quokkas
  5 ball pythons
  3 frilled lizards
  7 kobolds
  7 rats
86 creatures vanquished.

Vanquished Creatures (collateral kills)
  A phantom (D:4)
  A bullfrog skeleton (D:4)
  2 worms
  A dart slug (D:2)
  3 goblins (D:2)
  A hobgoblin (D:3)
9 creatures vanquished.

Vanquished Creatures (others)
  60 plants (D:4)
60 creatures vanquished.

Grand Total: 155 creatures vanquished

Notes
Turn   | Place    | Note
-------+----------+-------------------------------------------
     0 | Abyss:1  | Lochraine the Demonspawn Abyssal Knight began the quest for
                  | the Orb.
     0 | Abyss:1  | Reached XP level 1. HP: 18/18 MP: 2/2
    13 | D:1      | Escaped the Abyss
   402 | D:1      | Gained mutation: A weak demonic guardian rushes to your
                  | aid. [demonic ancestry]
   402 | D:1      | Reached XP level 2. HP: 23/24 MP: 4/4
   735 | D:1      | Reached skill level 3 in Invocations
  1186 | D:2      | Gained mutation: A demonic guardian rushes to your aid.
                  | [demonic ancestry]
  1186 | D:2      | Reached XP level 3. HP: 26/29 MP: 5/5
  1305 | D:2      | Noticed Robin
  1309 | D:2      | Reached ** piety under Lugonu
  1317 | D:2      | Killed Robin
  2104 | D:2      | Reached XP level 4. HP: 37/37 MP: 6/6
  2661 | D:3      | Found a faded altar of an unknown god.
  2851 | D:3      | Reached skill level 4 in Invocations
  3089 | D:3      | Noticed Jessica
  3107 | D:3      | Killed Jessica
  3108 | D:3      | Reached XP level 5. HP: 34/42 MP: 8/8
  3504 | D:3      | Reached *** piety under Lugonu
  3720 | D:4      | Noticed Grinder
  3751 | D:4      | Noticed Sigmund
  3758 | D:4      | Killed Sigmund
  3759 | D:4      | Reached skill level 5 in Invocations
  3759 | D:4      | Gained mutation: You have a pair of small antennae on your
                  | head. [demonic ancestry]
  3759 | D:4      | Reached XP level 6. HP: 32/49 MP: 8/10
  4122 | D:4      | Reached skill level 5 in Fighting
  4384 | D:4      | Reached skill level 6 in Invocations
  4396 | D:4      | Killed Grinder
  4397 | D:4      | Reached XP level 7. HP: 53/56 MP: 11/11
  5027 | D:5      | Entered Level 5 of the Dungeon
  5028 | D:5      | Slain by a quokka

Illustrated notes

Levels and vault maps discovered:
D:1:      enne_arrival_octagon_isle, layout_loops_ring, item_on_display_a
D:2:      layout_basic, minmay_hexomino_p4, uniq_robin
D:3:      layout_rooms, basic_ecumenical_altar, uniq_jessica
D:4:      layout_gridville, minmay_temple_entry_antechambers, serial_bayou,
          serial_bayou_pond_b, serial_bayou_pond_e, serial_bayou_lagoon_a,
          serial_bayou_pond_b, grunt_decor_one_mirror, minmay_fountain_box,
          minmay_misc_feat_doors, abandoned_shop, minmay_between, uniq_grinder,
          uniq_sigmund
D:5:      layout_loops_ring, grunt_temple_overflow_open, gup_sewer_entry_spiral

Skill      XL: |  1  2  3  4  5  6 |
---------------+-------------------+-----
Axes           | 2 3 4 |  4.7
Invocations    | 3 4 5 6 |  6.9
Fighting       | 4 5 |  5.8
Armour         | |  1.7
Dodging        | |  0.8

Action                   |  1- 3 |  4- 6 |  7- 9 || total
-------------------------+-------+-------+-------++-------
Melee: Hand axe          |   122 |    61 |    20 ||   203
       Dagger            |       |   120 |    15 ||   135
Invok: Bend Space        |       |     1 |       ||     1
Evoke: Wand              |     3 |     8 |       ||    11
  Use: Potion            |       |       |     1 ||     1
 Stab: Distracted        |     1 |       |       ||     1
       Sleeping          |       |     1 |       ||     1
Armor: Leather armour    |    42 |    39 |     9 ||    90
Dodge: Dodged            |    67 |   106 |    36 ||   209

Table legend: (Time is in decaauts)
 A = Elapsed time spent in this place.
 B = Non-inter-level travel time spent in this place.
 C = Inter-level travel time spent in this place.
 D = Time resting spent in this place.
 E = Time spent auto-exploring this place.
 F = Levels seen in this place.
 G = Mean time per level.
                   A        B        C        D        E       F      G
               +--------+--------+--------+--------+--------+-----+--------+
         Total |   5068 |   4876 |    192 |   1110 |   2909 |   6 |  844.7 |
       Dungeon |   5055 |   4863 |    192 |   1110 |   2909 |   5 | 1011.0 |
         Abyss |     13 |     13 |      0 |      0 |      0 |   1 |   13.0 |
               +--------+--------+--------+--------+--------+-----+--------+

Top non-repeatable levels by time:
     D:3: 1792 daAuts
     D:2: 1694 daAuts
     D:1: 1049 daAuts
     D:4: 518 daAuts
 Abyss:1: 13 daAuts
     D:5: 0 daAuts
